[Event "3rd CNE NED-ch Women Rapid 2017"]
[Site "Amstelveen"]
[Date "2017.12.03"]
[Round "1"]
[White "Haast, Anne"]
[Black "Keetman, Maaike"]
[Result "0-1"]
[ECO "B47"]
[WhiteElo "2332"]
[BlackElo "2203"]
[Annotator "ChessBase"]
[PlyCount "146"]
[EventDate "2017.??.??"]
[EventType "tourn"]
[EventCountry "NED"]
[SourceTitle "playchess.com"]
[Source "ChessBase"]
[SourceQuality "1"]
[TimeControl "900+10"]

1. e4 c5 2. Nf3 e6 3. d4 cxd4 4. Nxd4 Nc6 5. Nc3 Qc7 6. Qd3 Nf6 7. Nxc6 dxc6 8. Qg3 Qxg3 9. hxg3 e5 10. f3 Be6 11. Be3 Nd7 12. Kf2 Bc5 13. Be2 O-O-O 14. g4 f6 15. Nd1 Bf7 16. Bxc5 Nxc5 17. Ne3 Bg6 18. g3 Rd2 19. Rad1 Rhd8 20. Rxd2 Rxd2 21. Ke1 Rd4 22. b3 Kc7 23. Kf2 Rd2 24. Rc1 a5 25. Nc4 Rd8 26. Nxa5 Ra8 27. b4 Ne6 28. a3 Bf7 29. Ra1 Nd4 30. Bd1 c5 31. c3 Nb5 32. c4 cxb4 33. cxb5 Rxa5 34. Rc1+ Kb6 35. axb4 Rxb5 36. Rb1 Kc7 37. Be2 Rb6 38. b5 Rd6 39. Rc1+ Kd7 40. Ke3 Bb3 41. f4 Be6 42. Rc5 b6 43. Rc1 Rd4 44. Ra1 Ke7 45. Ra7+ Rd7 46. Ra8 Rd8 47. Ra6 Rd6 48. g5 fxg5 49. fxe5 Rd7 50. Rxb6 Bb3 51. Bg4 Rd8 52. Rb7+ Kf8 53. b6 Bc4 54. Rd7 Rb8 55. Kd4 Bb5 56. Rd6 Ke7 57. Kc5 Be8 58. Rd1 h5 59. Be2 Rc8+ 60. Kb4 Rb8 61. Ka5 h4 62. gxh4 gxh4 63. Ba6 Bc6 64. Rh1 g5 65. Rg1 Rg8 66. b7 h3 67. Kb6 Bxe4 68. Bc4 h2 69. Rf1 Rb8 70. e6 Rxb7+ 71. Kc5 Rc7+ 72. Kd4 Rxc4+ 73. Kxc4 h1=Q 0-1

[Event "3rd CNE NED-ch Women Rapid 2017"]
[Site "Amstelveen"]
[Date "2017.12.03"]
[Round "1"]
[White "De Jong-Muhren, Bianca"]
[Black "De Mie, Mariska"]
[Result "0-1"]
[ECO "B43"]
[WhiteElo "2262"]
[BlackElo "2242"]
[Annotator "NA"]
[PlyCount "74"]
[EventDate "2017.??.??"]
[EventType "tourn"]
[EventCountry "NED"]
[SourceTitle "playchess.com"]
[Source "ChessBase"]
[SourceQuality "1"]
[TimeControl "900+10"]

1. e4 c5 2. Nf3 e6 3. d4 cxd4 4. Nxd4 a6 5. Nc3 b5 6. Bd3 {[%emt 0:00:06] LiveBook: 2542 Games} Bb7 7. Qe2 b4 8. Nd1 Bc5 9. Nb3 Be7 10. O-O Nc6 11. Bf4 Nf6 12. Rc1 ({Better is} 12. Ne3 $14) 12... a5 13. c3 e5 14. Bd2 a4 15. Na1 $11 bxc3 16. Bxc3 O-O 17. Nc2 d5 18. exd5 Nxd5 19. Bxe5 Bg5 20. f4 Nxe5 21. Qxe5 Nxf4 22. Rxf4 Bxf4 23. Bxh7+ Kxh7 24. Qxf4 Rc8 25. Nc3 Qb6+ 26. Kh1 Qxb2 27. Nxa4 Qxa2 28. Qf5+ Kg8 29. Nc5 Qa5 30. Nd4 Qd2 31. Rg1 Bxg2+ 32. Rxg2 Qxd4 33. Nd3 Rc3 34. Rg3 Rd8 35. Rf3 Qd5 36. Qxd5 Rxd5 37. Ne1 Rc1 0-1

[Event "3rd CNE NED-ch Women Rapid 2017"]
[Site "Amstelveen"]
[Date "2017.12.03"]
[Round "1"]
[White "Kazarian, Anna-Maja"]
[Black "Ratsma, Rosa"]
[Result "1-0"]
[ECO "E63"]
[WhiteElo "2162"]
[BlackElo "2295"]
[Annotator "NA"]
[PlyCount "101"]
[EventDate "2017.??.??"]
[EventType "tourn"]
[EventCountry "NED"]
[SourceTitle "playchess.com"]
[Source "ChessBase"]
[SourceQuality "1"]
[TimeControl "900+10"]

1. g3 Nf6 2. Bg2 g6 3. Nf3 Bg7 4. O-O O-O {[%emt 0:00:03] LiveBook: 4986 Games} 5. d4 d6 6. c4 Nc6 7. Nc3 a6 8. Re1 Rb8 9. d5 Na5 10. Qd3 c5 11. e4 {[%emt 0:01:08] E66: King's Indian: Fianchetto: 6...c5 7 0-0 Nc6 8 d5} b5 12. cxb5 axb5 13. Bg5 (13. e5 Ng4 14. exd6 exd6 15. h3 Nf6 16. Nd2 Bf5 17. Qf1 c4 18. Nde4 Nxe4 19. Nxe4 Bxe4 20. Rxe4 Nb7 21. Qd1 Nc5 22. Re2 Ra8 23. a3 {½-½ (23) Plat,V (2465)-Vesselovsky,S (2339) Czech Republic 2015}) 13... h6 14. Bxf6 $146 ({Predecessor:} 14. Be3 Ng4 15. Bc1 b4 16. Nd1 Qb6 17. h3 Ba6 18. Qc2 Nf6 {0-1 (40) Majcenovic,M (1967)-Havas,J (2104) Slovenia 2013}) 14... exf6 15. Rac1 b4 16. Nd1 Re8 17. Ne3 Qb6 18. b3 Ba6 19. Qc2 Bb5 20. Nd2 Qa6 21. Bf1 Bxf1 22. Rxf1 Ra8 23. Nec4 Nxc4 24. Nxc4 Re7 25. f4 Rae8 26. Rfe1 f5 27. e5 dxe5 28. d6 Rd7 29. fxe5 Kh7 30. Qg2 Re6 31. Qd5 Qxa2 32. Nb6 (32. Qxc5 $16 Qa7 33. Qxa7 Rxa7 34. Kf2) 32... Rd8 33. Na4 c4 (33... Bxe5 $11 34. Rxe5 Rdxd6) 34. Nc5 $16 ({Ein No Go ist} 34. Qxc4 $6 Rxe5 35. Rxe5 Bxe5 $11) 34... Qa5 35. bxc4 Ree8 36. d7 Rf8 37. Ra1 Qc7 38. Ra6 b3 39. Qd6 Qxd6 40. Rxd6 Rb8 41. Nxb3 Rfd8 42. Na5 Bf8 43. Nc6 Bxd6 44. exd6 Rxd7 45. Nxb8 Rxd6 46. c5 Rd8 47. Na6 Rc8 48. Rc1 Kg7 49. c6 Kf6 50. c7 Ke7 51. Rb1 1-0

[Event "3rd CNE NED-ch Women Rapid 2017"]
[Site "Amstelveen"]
[Date "2017.12.03"]
[Round "2"]
[White "Lanchava, Tea"]
[Black "De Jong-Muhren, Bianca"]
[Result "0-1"]
[ECO "A22"]
[WhiteElo "2297"]
[BlackElo "2262"]
[Annotator "NA"]
[PlyCount "74"]
[EventDate "2017.??.??"]
[EventType "tourn"]
[EventCountry "NED"]
[SourceTitle "playchess.com"]
[Source "ChessBase"]
[SourceQuality "1"]
[TimeControl "900+10"]

1. c4 e5 2. Nc3 Nf6 3. g3 Nc6 4. Bg2 Bc5 5. Nf3 d6 6. O-O O-O 7. d3 h6 8. e3 a6 {[%emt 0:00:18] A29: English Opening: Four Knights Variation with 4 g3} 9. d4 {[%emt 0:00:05] LiveBook: 3 Games} exd4 10. exd4 Ba7 11. h3 Re8 12. Be3 $146 ({Predecessor:} 12. d5 Ne7 13. Nd4 Nf5 14. Nxf5 Bxf5 {0-1 (59) Yousfi,Y (1621)-Lalaoui,F (1733) Tiaret 2014}) 12... Ne7 13. g4 c6 14. Qd2 Ng6 15. Rfe1 d5 16. cxd5 cxd5 17. Ne5 Nxe5 18. dxe5 Bxe3 19. Rxe3 d4 20. Rd1 Bxg4 $1 21. hxg4 dxe3 22. Qxd8 exf2+ 23. Kf1 Raxd8 24. Rxd8 Rxd8 25. exf6 Rd2 26. Bxb7 Rxb2 $11 27. Bxa6 Rc2 28. Ne4 Rxa2 29. Be2 gxf6 30. Nxf6+ Kg7 31. Ne4 Kg6 32. Bd3 Ra3 33. Bc2 Ra1+ 34. Kxf2 Ra2 35. Ng3+ Rxc2+ 36. Kf1 Kg5 37. Nf5 h5 0-1

[Event "3rd CNE NED-ch Women Rapid 2017"]
[Site "Amstelveen"]
[Date "2017.12.03"]
[Round "2"]
[White "Paulet, Iozefina"]
[Black "Ratsma, Rosa"]
[Result "0-1"]
[ECO "B52"]
[WhiteElo "2272"]
[BlackElo "2295"]
[Annotator "NA"]
[PlyCount "106"]
[EventDate "2017.??.??"]
[EventType "tourn"]
[EventCountry "NED"]
[SourceTitle "playchess.com"]
[Source "ChessBase"]
[SourceQuality "1"]
[TimeControl "900+10"]

1. e4 c5 2. Nf3 d6 3. Bb5+ Bd7 4. Bxd7+ Qxd7 5. O-O Nf6 6. Qe2 Nc6 7. c3 e6 8. Rd1 Be7 9. d4 cxd4 10. cxd4 d5 11. Nc3 dxe4 12. Ne5 Qc7 13. Bf4 O-O 14. Ng6 e5 15. Nxe5 $16 Qb6 16. Nc4 Qa6 17. d5 Nb4 18. d6 Bd8 19. Nxe4 Re8 20. Nxf6+ Bxf6 21. Qf1 b5 22. d7 Red8 23. Ne5 Qe6 24. Qxb5 Rab8 25. Qa5 a6 26. Rac1 Rb5 27. Qxd8+ Bxd8 28. Rc8 Qe7 29. a3 f6 30. Rdc1 fxe5 31. Rxd8+ Qxd8 32. Rc8 Rb8 33. Bg5 Qxc8 34. dxc8=Q+ Rxc8 35. axb4 Rc2 36. h4 Rxb2 37. Be7 Kf7 38. Bc5 Ke6 39. Kf1 Kd5 40. Bf8 g6 41. Ke1 Kc4 42. Bd6 e4 43. g4 Kd3 44. Kf1 e3 45. fxe3 Kxe3 46. h5 Kf3 47. Kg1 Kxg4 48. hxg6 hxg6 49. Bc5 g5 50. Be7 Kg3 51. Bd6+ Kf3 52. Bc5 g4 53. Bd6 g3 0-1

[Event "3rd CNE NED-ch Women Rapid 2017"]
[Site "Amstelveen"]
[Date "2017.12.03"]
[Round "2"]
[White "De Mie, Mariska"]
[Black "Haast, Anne"]
[Result "0-1"]
[ECO "B47"]
[WhiteElo "2242"]
[BlackElo "2332"]
[Annotator "NA"]
[PlyCount "105"]
[EventDate "2017.??.??"]
[EventType "tourn"]
[EventCountry "NED"]
[SourceTitle "playchess.com"]
[Source "ChessBase"]
[SourceQuality "1"]
[TimeControl "900+10"]

1. e4 c5 2. Nf3 e6 3. d4 cxd4 4. Nxd4 Nc6 5. Nc3 Qc7 6. f4 {[%emt 0:00:10] LiveBook: 1274 Games} a6 7. Be3 Bb4 8. Nxc6 {[%emt 0:01:32] B48: Sicilian: Taimanov: 5 Nc3 Qc7 6 Be3 a6 without Be2} (8. Bd3 Nf6 9. Qd2 d6 10. a3 Bc5 11. Nb3 Bxe3 12. Qxe3 b5 13. O-O-O O-O 14. Rhe1 b4 15. axb4 Nxb4 {½-½ (46) Delgado Ramirez,N (2575)-Zambrana,O (2515) Bogota 2010}) 8... Qxc6 9. Qd4 Bxc3+ $1 10. bxc3 Nf6 11. Bd3 b5 12. O-O Bb7 13. Rae1 Rc8 $146 (13... Nxe4 $15 14. Bc1 (14. Qxg7 O-O-O $17) 14... Nc5) ({Predecessor:} 13... O-O 14. Bd2 d5 15. exd5 Qxd5 {½-½ (32) Muller,A (2115)-Flear,C (2232) Bescanon 1999}) 14. Bd2 (14. a4 $5) 14... d6 15. Qf2 Qc5 16. Be3 Qc7 17. Bb6 Qe7 18. Qh4 Nd7 19. Qxe7+ Kxe7 20. Bd4 (20. Ba5 $1 $11) 20... e5 21. Be3 Nc5 22. Bxc5 Rxc5 23. a4 bxa4 24. Rb1 Bc6 25. fxe5 dxe5 26. Rb6 (26. c4 $17) 26... Rxc3 $19 27. Rxa6 Rb8 28. Ra7+ Rb7 29. Ra5 f6 30. Ra1 Bd7 31. Kf2 Rcc7 32. Ke3 Ra7 33. Rxa7 Rxa7 34. Bc4 Rc7 35. Kd3 f5 36. Bd5 fxe4+ 37. Kxe4 Rxc2 38. Kxe5 Re2+ 39. Kd4 Kd6 40. Bf3 Rb2 41. Kc3 Rb8 42. Rd1+ Ke7 43. Bd5 Rb6 44. Bc4 Be6 45. Re1 Rc6 46. Rxe6+ Rxe6 47. Bxe6 Kxe6 48. Kb4 Kd5 49. Kxa4 Kd4 50. Kb4 Ke3 51. Kc4 Kf2 52. g3 Kg2 53. Kd4 0-1

[Event "3rd CNE NED-ch Women Rapid 2017"]
[Site "Amstelveen"]
[Date "2017.12.03"]
[Round "2"]
[White "Keetman, Maaike"]
[Black "Kazarian, Anna-Maja"]
[Result "1-0"]
[ECO "C03"]
[WhiteElo "2203"]
[BlackElo "2162"]
[Annotator "NA"]
[PlyCount "85"]
[EventDate "2017.??.??"]
[EventType "tourn"]
[EventCountry "NED"]
[SourceTitle "playchess.com"]
[Source "ChessBase"]
[SourceQuality "1"]
[TimeControl "900+10"]

1. e4 e6 2. d4 d5 3. Nd2 dxe4 4. Nxe4 Nf6 5. Bd3 Nbd7 6. Nf3 Nxe4 7. Bxe4 Nf6 8. Bg5 Be7 9. Bxf6 Bxf6 10. Qd3 c5 11. Qb5+ Bd7 12. Qxc5 Rc8 13. Qa3 Qb6 14. O-O Be7 15. Qb3 Qxb3 16. axb3 Bb5 17. c4 Ba6 18. Rfd1 O-O 19. Ne5 Rfd8 20. d5 f6 21. Nd3 e5 22. Bf5 Rc7 23. Ra4 Bd6 24. Nb4 Bxc4 25. bxc4 Rxc4 26. Nc6 Rxa4 27. Nxd8 Rb4 28. Rd2 a5 29. g3 a4 30. Bc8 Rd4 31. Rxd4 exd4 32. Nxb7 d3 33. Bg4 Be5 34. d6 Kf8 35. d7 Bc7 36. d8=Q+ Bxd8 37. Nxd8 Ke7 38. Nc6+ Kd6 39. Nb4 d2 40. Kf1 Kc5 41. Nc2 f5 42. Bd1 Kc4 43. Ne3+ {[%emt 0:00:07] Kd5} 1-0

[Event "3rd CNE NED-ch Women Rapid 2017"]
[Site "Amstelveen"]
[Date "2017.12.03"]
[Round "3"]
[White "Haast, Anne"]
[Black "Lanchava, Tea"]
[Result "1-0"]
[ECO "B06"]
[WhiteElo "2332"]
[BlackElo "2297"]
[Annotator "NA"]
[PlyCount "83"]
[EventDate "2017.??.??"]
[EventType "tourn"]
[EventCountry "NED"]
[SourceTitle "playchess.com"]
[Source "ChessBase"]
[SourceQuality "1"]
[TimeControl "900+10"]

1. e4 g6 2. d4 c6 3. Be3 d6 4. Qd2 Nd7 5. Nc3 Ngf6 6. f3 a6 7. h4 h5 8. Nh3 b5 9. a4 b4 10. Ne2 Rb8 11. b3 c5 12. dxc5 Nxc5 13. Ng5 Qc7 14. Rd1 Bd7 15. Nf4 Bg7 16. Bc4 O-O 17. Nxg6 Bb5 $18 18. axb5 Nfxe4 19. fxe4 Bc3 20. Nxf8 Bxd2+ 21. Rxd2 d5 22. Bxd5 Rxf8 23. bxa6 e6 24. Bc4 Qg3+ 25. Bf2 Qe5 26. O-O f6 27. Nf3 Qc7 28. Re1 Kh8 29. e5 f5 30. Ng5 Rg8 31. Rd6 Ne4 32. Nxe4 fxe4 33. Rxe6 Qg7 34. Bf1 Qg4 35. Rh6+ Kg7 36. Rf6 Re8 37. Be2 Qc8 38. Rb6 Qxc2 39. a7 Qc7 40. Ra6 Ra8 41. Rd1 Qxe5 42. Bd4 1-0

[Event "3rd CNE NED-ch Women Rapid 2017"]
[Site "Amstelveen"]
[Date "2017.12.03"]
[Round "3"]
[White "Ratsma, Rosa"]
[Black "Keetman, Maaike"]
[Result "0-1"]
[ECO "B47"]
[WhiteElo "2295"]
[BlackElo "2203"]
[Annotator "NA"]
[PlyCount "40"]
[EventDate "2017.??.??"]
[EventType "tourn"]
[EventCountry "NED"]
[SourceTitle "playchess.com"]
[Source "ChessBase"]
[SourceQuality "1"]
[TimeControl "900+10"]

1. e4 c5 2. Nf3 e6 3. d4 cxd4 4. Nxd4 Nc6 5. Nc3 Qc7 6. f4 a6 7. Nxc6 Qxc6 8. Bd3 b5 9. Qe2 Bc5 10. Bd2 Bb7 11. O-O-O Ne7 12. a3 O-O-O 13. Kb1 f5 14. g4 Rhf8 15. Rhe1 Rde8 (15... fxg4 $16 {war angesagt.} 16. Qxg4 g6) 16. Nxb5 fxe4 17. Bxe4 Qxb5 $19 18. Bxb7+ Qxb7 19. Qe5 Qb6 20. Qxg7 Bd4 0-1

[Event "3rd CNE NED-ch Women Rapid 2017"]
[Site "Amstelveen"]
[Date "2017.12.03"]
[Round "3"]
[White "De Jong-Muhren, Bianca"]
[Black "Paulet, Iozefina"]
[Result "0-1"]
[ECO "C03"]
[WhiteElo "2262"]
[BlackElo "2272"]
[Annotator "NA"]
[PlyCount "100"]
[EventDate "2017.??.??"]
[EventType "tourn"]
[EventCountry "NED"]
[SourceTitle "playchess.com"]
[Source "ChessBase"]
[SourceQuality "1"]
[TimeControl "900+10"]

1. e4 e6 2. d4 d5 3. Nd2 a6 4. Bd3 c5 5. dxc5 Bxc5 6. Qe2 Nf6 7. e5 Nfd7 8. Ngf3 Nc6 9. Nb3 Be7 10. c3 g5 11. h3 h6 12. O-O Qc7 13. Re1 Rg8 14. Nbd4 h5 15. Nxe6 fxe6 16. Nxg5 Ndxe5 17. Qxh5+ Kd7 18. Nxe6 Kxe6 19. f4 Bc5+ 20. Kh1 Qg7 21. Qf3 Qg3 22. Qxg3 Rxg3 23. Bf1 Bd7 24. fxe5 Rf8 25. Kh2 Rgg8 26. g4 Nxe5 27. Bg2 Kd6 28. Be3 Bxe3 29. Rxe3 Bxg4 30. Rxe5 Kxe5 31. hxg4 Rxg4 32. Re1+ Kd6 33. Re2 Rh8+ 34. Kg1 Rhg8 35. Kf1 R8g5 36. Rd2 Rf4+ 37. Kg1 Kc5 38. Kh2 b5 39. a3 a5 40. Kg1 Rfg4 41. Kf1 Rxg2 42. Rxg2 Rxg2 43. Kxg2 Kc4 44. Kf3 Kb3 45. Ke3 Kxb2 46. Kd4 Kxa3 47. Kxd5 b4 48. c4 b3 49. c5 b2 50. c6 b1=Q 0-1

[Event "3rd CNE NED-ch Women Rapid 2017"]
[Site "Amstelveen"]
[Date "2017.12.03"]
[Round "3"]
[White "Kazarian, Anna-Maja"]
[Black "De Mie, Mariska"]
[Result "1/2-1/2"]
[ECO "B00"]
[WhiteElo "2162"]
[BlackElo "2242"]
[Annotator "NA"]
[PlyCount "182"]
[EventDate "2017.??.??"]
[EventType "tourn"]
[EventCountry "NED"]
[SourceTitle "playchess.com"]
[Source "ChessBase"]
[SourceQuality "1"]
[TimeControl "900+10"]

1. e4 d6 2. d4 g6 3. Nf3 Bg7 4. Bc4 a6 5. a4 {[%emt 0:00:20] B06: Modern Defence} (5. Bb3 Nc6 6. c3 e5 7. dxe5 Nxe5 8. Nxe5 Bxe5 9. O-O Ne7 10. Bh6 Ng8 11. Bc1 Ne7 {½-½ (11) Bosiocic,M (2623)-Savchenko,B (2602) Khomeyn 2017}) 5... e6 6. O-O Ne7 7. Bg5 h6 8. Be3 O-O 9. Qd2 Kh7 10. Nc3 Nd7 $146 ({Predecessor:} 10... d5 11. Bd3 dxe4 12. Nxe4 Nd5 {½-½ (28) Sivara,P (1994)-Zhou,G (2206) Bangkok 2014}) 11. Ne1 Nf6 12. Be2 b6 13. f4 Bb7 14. Bf3 d5 15. e5 Ne4 16. Qd3 c5 17. Bxe4 dxe4 18. Qd2 Rc8 19. dxc5 bxc5 20. Qf2 Qc7 21. g4 Rfd8 $15 22. Ng2 Qc6 23. Rfd1 Nd5 24. Ne2 Bf8 25. f5 exf5 26. gxf5 gxf5 27. Qxf5+ Qg6 28. Qxg6+ fxg6 29. Rf1 Bg7 30. Rf7 Rc7 31. Raf1 Kg8 32. e6 Rxf7 33. exf7+ Kh7 34. Bxc5 Bf8 35. Bxf8 Rxf8 36. Nd4 Bc8 37. c4 Nb6 38. b3 Kg7 39. a5 Na8 40. Nf4 Nc7 41. Nd5 Nxd5 42. cxd5 Rxf7 43. Rxf7+ Kxf7 44. Kf2 Kf6 45. Nc6 Bb7 46. Ke3 Kf5 47. Kd4 Kf4 48. Ne7 e3 49. Nxg6+ Kf3 50. Ne5+ Kf4 51. d6 Bc8 52. b4 e2 53. Nd3+ Kf3 54. b5 Bf5 55. Ne1+ Kf2 56. Ke5 Kxe1 57. Kxf5 Kf1 58. d7 e1=Q 59. d8=Q Qb1+ 60. Kf6 Qxb5 61. Qb6 Qe2 62. Kg7 h5 63. h4 Kg2 64. Kh6 Kh3 65. Qd8 Qb5 66. Qg5 Qb1 67. Qxh5 Qc1+ 68. Qg5 Qc6+ 69. Kg7 Qc7+ 70. Kg6 Qc6+ 71. Kf5 Qb5+ 72. Kf4 Qc4+ 73. Kf3 Qd3+ 74. Kf2 Qc2+ 75. Ke3 Qc1+ 76. Kd4 Qa1+ 77. Ke4 Qa4+ 78. Kf3 Qc6+ 79. Ke2 Qc2+ 80. Qd2 Qxd2+ 81. Kxd2 Kxh4 82. Kd3 Kg5 83. Ke4 Kf6 84. Kd5 Ke7 85. Kc6 Kd8 86. Kb7 Kd7 87. Kxa6 Kc6 88. Ka7 Kc7 89. Ka8 Kc8 90. a6 Kc7 91. a7 Kc8 1/2-1/2

[Event "3rd CNE NED-ch Women Rapid 2017"]
[Site "Amstelveen"]
[Date "2017.12.03"]
[Round "4"]
[White "Lanchava, Tea"]
[Black "Kazarian, Anna-Maja"]
[Result "1-0"]
[ECO "A06"]
[WhiteElo "2297"]
[BlackElo "2162"]
[Annotator "NA"]
[PlyCount "79"]
[EventDate "2017.??.??"]
[EventType "tourn"]
[EventCountry "NED"]
[SourceTitle "playchess.com"]
[Source "ChessBase"]
[SourceQuality "1"]
[TimeControl "900+10"]

1. Nf3 d5 2. b3 Nf6 3. e3 c5 {[%emt 0:00:01] A06: Réti Opening:1 Nf3 d5} (3... e6 4. Bb2 b6 5. c4 Bb7 6. d4 Bd6 7. Nbd2 O-O 8. Bd3 Nbd7 9. Rc1 Ne4 10. O-O Nxd2 11. Nxd2 Nf6 12. c5 bxc5 13. dxc5 Be7 14. c6 Bc8 15. Qe2 Bb4 16. Rfd1 Qe7 17. Nf3 a5 18. a4 {1-0 (49) Nakamura,H (2785)-So,W (2812) Paris 2017}) 4. c4 Nc6 5. Bb2 d4 6. exd4 cxd4 7. d3 e5 8. Be2 Bb4+ 9. Nfd2 e4 $146 ({Predecessor:} 9... a5 10. O-O O-O 11. Bf3 Bf5 12. Qe2 Qd6 13. Rd1 Rfe8 14. a3 Bc5 15. g4 Nxg4 {0-1 (15) Stein,B (2385)-Ostojic,P (2385) Dortmund 1987}) 10. O-O exd3 11. Bxd3 O-O 12. Ne4 Re8 13. a3 Nxe4 14. Bxe4 Rxe4 15. axb4 Nxb4 16. f3 Re3 17. Qxd4 Qxd4 18. Bxd4 Rxb3 19. Rxa7 Rxa7 20. Bxa7 Be6 21. Rd1 h6 22. c5 Bf5 23. Rd8+ Kh7 24. Nd2 Ra3 25. Bb6 Ra1+ 26. Kf2 Nd3+ 27. Kg3 Ra2 28. Nc4 Bg6 $11 29. Nd6 f5 30. Rd7 f4+ 31. Kh3 h5 32. Rxb7 Nf2+ 33. Kh4 Kh6 34. c6 Nh1 35. Bd4 Be8 36. Rxg7 Bg6 37. Ra7 Rxg2 38. Bg7+ Kh7 39. Be5+ Kg8 40. Ra8+ 1-0

[Event "3rd CNE NED-ch Women Rapid 2017"]
[Site "Amstelveen"]
[Date "2017.12.03"]
[Round "4"]
[White "Paulet, Iozefina"]
[Black "Keetman, Maaike"]
[Result "1-0"]
[ECO "B40"]
[WhiteElo "2272"]
[BlackElo "2203"]
[Annotator "NA"]
[PlyCount "82"]
[EventDate "2017.??.??"]
[EventType "tourn"]
[EventCountry "NED"]
[SourceTitle "playchess.com"]
[Source "ChessBase"]
[SourceQuality "1"]
[TimeControl "900+10"]

1. e4 c5 2. Nf3 e6 3. b3 a6 4. Bb2 Nc6 5. d4 cxd4 6. Nxd4 Qc7 7. c4 Nf6 8. Nxc6 dxc6 9. Bd3 Bd6 10. Qe2 Be5 11. O-O Bxh2+ 12. Kh1 Be5 13. Nc3 h5 14. Na4 Ng4 15. Bxe5 Qxe5 16. f4 Qf6 $17 17. g3 Qd4 18. Rad1 Ne3 19. Bb1 Nxd1 20. Rxd1 Qf6 21. e5 Qe7 22. c5 Bd7 23. Rd6 Rd8 24. Nb6 g5 25. f5 exf5 26. Nc4 g4 27. Rf6 Be6 28. Nd6+ Rxd6 29. cxd6 Qd7 30. Qf2 h4 31. gxh4 c5 32. Kh2 Rg8 33. Kg3 Qb5 34. Bxf5 Bxf5 35. Qxf5 Qd7 36. Qxd7+ Kxd7 37. Rxf7+ Ke6 38. Re7+ Kd5 39. d7 Rd8 40. e6 Kd6 41. Re8 Kd5 1-0

[Event "3rd CNE NED-ch Women Rapid 2017"]
[Site "Amstelveen"]
[Date "2017.12.03"]
[Round "4"]
[White "De Jong-Muhren, Bianca"]
[Black "Haast, Anne"]
[Result "0-1"]
[ECO "B47"]
[WhiteElo "2262"]
[BlackElo "2332"]
[Annotator "NA"]
[PlyCount "154"]
[EventDate "2017.??.??"]
[EventType "tourn"]
[EventCountry "NED"]
[SourceTitle "playchess.com"]
[Source "ChessBase"]
[SourceQuality "1"]
[TimeControl "900+10"]

1. e4 c5 2. Nf3 e6 3. d4 cxd4 4. Nxd4 Nc6 5. Nc3 Qc7 6. Be2 a6 7. O-O Nf6 8. Be3 Be7 9. f4 d6 10. a4 O-O 11. Kh1 Bd7 12. Nb3 b6 13. Bf3 Rab8 14. g4 d5 {[%emt 0:01:15] B85: Sicilian Scheveningen: 6 Be2 a6, lines with early Be3} (14... Bc8 15. g5 Nd7 16. Bg2 Re8 17. Rf3 g6 18. Rh3 Bf8 19. Qe1 Bg7 20. Qh4 Nf8 21. f5 Bxc3 22. f6 h5 23. bxc3 e5 24. Rg3 Nd8 {1-0 (32) Vachier Lagrave,M (2758)-Movsesian,S (2658) Berlin 2015}) 15. e5 Ne8 16. Nd4 {[%emt 0:01:24] [#]} Nxd4 $146 ({Predecessor:} 16... Kh8 17. Nce2 f6 18. Nxc6 Bxc6 19. Nd4 Bd7 20. Bf2 fxe5 21. fxe5 {1-0 (56) Zapata,A (2556)-Ljubojevic,L (2557) Bled 2002}) 17. Bxd4 Bc5 18. Bg2 Bxd4 19. Qxd4 Qc5 20. Qd2 f6 21. Rae1 fxe5 22. Rxe5 Qc7 23. Qd4 Qc4 24. Rxd5 Qxd4 25. Rxd4 Bc8 26. Re1 b5 27. axb5 axb5 28. b4 Nc7 29. Re5 $18 Ba6 30. Rc5 Ne8 31. Rc6 Bb7 32. Rxe6 Bxg2+ 33. Kxg2 Rc8 34. Re3 Nf6 35. Kf3 Rc6 36. g5 Nh5 37. Kg4 g6 38. Red3 Rcc8 39. Nd5 Rxc2 40. Ne7+ Kg7 41. f5 Rg2+ 42. Kh4 Rxh2+ 43. Kg4 Rg2+ 44. Kh4 h6 45. Nxg6 Rxf5 46. Kxh5 Rfxg5+ 47. Kh4 Rh2+ 48. Rh3 Rxh3+ 49. Kxh3 Kxg6 50. Rd6+ Kg7 51. Rb6 h5 52. Kh4 Rd5 53. Ra6 Kf7 54. Rh6 Ke7 55. Kg3 Rf5 56. Rc6 Rg5+ 57. Kf4 Rg4+ 58. Ke5 Rxb4 59. Rc7+ Kd8 60. Rh7 h4 61. Kd6 Ke8 62. Kc5 Rg4 63. Kxb5 Kf8 64. Kc5 Kg8 65. Rh5 Kg7 66. Kd5 Ra4 67. Rg5+ Kf6 68. Rg8 Kf5 69. Rf8+ Kg4 70. Rg8+ Kf3 71. Rf8+ Kg3 72. Ke5 h3 73. Rb8 h2 74. Rb3+ Kh4 75. Rb1 Rg4 76. Rh1 Kh3 77. Kf5 Rg1 0-1

[Event "3rd CNE NED-ch Women Rapid 2017"]
[Site "Amstelveen"]
[Date "2017.12.03"]
[Round "4"]
[White "De Mie, Mariska"]
[Black "Ratsma, Rosa"]
[Result "1-0"]
[ECO "B90"]
[WhiteElo "2242"]
[BlackElo "2295"]
[Annotator "NA"]
[PlyCount "89"]
[EventDate "2017.??.??"]
[EventType "tourn"]
[EventCountry "NED"]
[SourceTitle "playchess.com"]
[Source "ChessBase"]
[SourceQuality "1"]
[TimeControl "900+10"]

1. e4 c5 2. Nf3 d6 3. d4 cxd4 4. Nxd4 Nf6 5. Nc3 a6 6. Be3 e5 7. Nf3 Qc7 8. Bg5 Nbd7 {[%emt 0:02:02] B90: Sizilianisch (Najdorf-Variante, Abweichungen)} 9. a4 Be7 (9... h6 10. Bh4 g5 11. Bg3 Nc5 12. Nd2 Be6 13. Be2 O-O-O 14. O-O h5 15. h4 Bh6 16. Ra3 {1-0 (54) Topalov,V (2735)-Karjakin,S (2562) Benidorm 2003}) 10. Nd2 h6 11. Bxf6 Nxf6 12. Nc4 $146 ({Vorgänger:} 12. Bc4 Be6 13. Qe2 Rc8 14. Bb3 O-O 15. O-O Rfd8 16. Qd3 Bxb3 17. Nxb3 {1-0 (48) Timofeev,A (2521)-Naiditsch,A (2524) Oropesa del Mar 2001}) 12... Be6 13. Ne3 O-O 14. Bd3 Qc5 15. O-O Bd8 16. Qf3 Ba5 17. Ncd5 Bxd5 18. Nxd5 Nxd5 19. exd5 g6 20. g4 Bd8 21. Kh1 $15 Bg5 22. Ra3 Qd4 23. Rb3 Qxa4 24. Rxb7 Rab8 25. b3 Qd4 26. Bxa6 e4 27. Qd1 Qe5 28. Rxb8 Rxb8 29. Bc4 Bf4 30. Qe2 Re8 31. f3 e3 32. Rd1 Ra8 33. b4 Qb2 34. b5 Rc8 35. Bb3 Rc5 36. b6 Qc3 37. b7 Qb4 38. Rd4 Qxd4 39. b8=Q+ Kg7 40. Qa7 Qb2 41. Qa4 Qc1+ 42. Kg2 Bg5 43. Qd4+ Kh7 44. f4 Bh4 45. Qdxe3 1-0

[Event "3rd CNE NED-ch Women Rapid 2017"]
[Site "Amstelveen"]
[Date "2017.12.03"]
[Round "5"]
[White "Haast, Anne"]
[Black "Paulet, Iozefina"]
[Result "1-0"]
[ECO "C03"]
[WhiteElo "2332"]
[BlackElo "2272"]
[Annotator "NA"]
[PlyCount "77"]
[EventDate "2017.??.??"]
[EventType "tourn"]
[EventCountry "NED"]
[SourceTitle "playchess.com"]
[Source "ChessBase"]
[SourceQuality "1"]
[TimeControl "900+10"]

1. e4 e6 2. d4 d5 3. Nd2 a6 4. c3 c5 5. exd5 cxd4 6. cxd4 exd5 7. Bd3 Nc6 8. Ne2 Nf6 9. O-O Bd6 10. Ng3 Bxg3 11. Re1+ Be6 12. hxg3 Nxd4 13. Qa4+ Nc6 14. Nf3 Qa5 15. Qh4 Qb4 16. Bf4 Nd4 17. Ng5 Kd7 18. a3 Qe7 19. Bd2 Nc6 20. b4 h6 21. Nxe6 fxe6 22. b5 axb5 23. Bxb5 Ne4 24. Rxe4 dxe4 25. Qxe4 Qc5 26. a4 Qd5 27. Qe1 Kc8 28. Be3 Rd8 29. Rc1 Kb8 30. Qc3 e5 31. Bb6 Rd7 32. Qe3 Qd2 33. Qc5 Qd6 34. Qc3 Rf7 35. Qc4 Rf8 36. Bc5 Qd8 37. Bxf8 Qxf8 38. Bxc6 bxc6 39. Qxc6 1-0

[Event "3rd CNE NED-ch Women Rapid 2017"]
[Site "Amstelveen"]
[Date "2017.12.03"]
[Round "5"]
[White "Ratsma, Rosa"]
[Black "Lanchava, Tea"]
[Result "1-0"]
[ECO "B10"]
[WhiteElo "2295"]
[BlackElo "2297"]
[Annotator "NA"]
[PlyCount "41"]
[EventDate "2017.??.??"]
[EventType "tourn"]
[EventCountry "NED"]
[SourceTitle "playchess.com"]
[Source "ChessBase"]
[SourceQuality "1"]
[TimeControl "900+10"]

1. e4 c6 2. Nc3 g6 3. d4 Bg7 4. Bc4 e6 5. e5 b5 6. Bb3 f5 7. Nf3 Nh6 8. h4 Nf7 9. Ng5 O-O 10. Bf4 Qb6 11. a4 b4 12. a5 Qc7 13. Na4 h6 14. Nxf7 Rxf7 15. Qd2 Qxa5 16. Bxh6 Bxe5 17. dxe5 Qxe5+ 18. Qe3 Qb5 19. Nb6 f4 20. Qd3 Rf5 21. Qxb5 1-0